 Dungeon Crawl Stone Soup version 0.30-a0-620-g0e44632947 (webtiles) character file.

Game seed: 13188010694864846733

45 Dartaoz the Conjurer (level 3, -1/28 HPs)
             Began as a Draconian Conjurer on Jan 10, 2023.
             Constricted to death by Ijyb (4 damage)
             ... on level 3 of the Dungeon.
             The game lasted 00:03:34 (2221 turns).

Dartaoz the Conjurer (Draconian Conjurer)           Turns: 2221, Time: 00:03:35

Health: -1/28      AC:  6    Str:  9    XL:     3   Next: 42%
Magic:  6/6        EV:  9    Int: 20    God:
Gold:   133        SH:  0    Dex:  9    Spells: 3/6 levels left

rFire   . . .      SeeInvis .    b - +0 short sword
rCold   . . .      Faith    .    (no shield)
rNeg    . . .      Spirit   .    (body armour unavailable)
rPois   .          Reflect  .    (helmet restricted)
rElec   .          Harm     .    (no cloak)
rCorr   .          Rampage  .    (no gloves)
Will    .....                    k - +0 pair of boots
Stlth   ++                       (no amulet)
HPRegen 0.24/turn                (no ring)
MPRegen 0.10/turn                (no ring)

@: grasped by roots, constricted
A: AC +5, unfitting armour, cold-blooded
a: no special abilities


You were on level 3 of the Dungeon.
You visited 1 branch of the dungeon, and saw 3 of its levels.

You collected 133 gold pieces.

Inventory:

Hand Weapons
 b - a +0 short sword (weapon)
Armour
 k - a +0 pair of boots (worn)
Scrolls
 c - 2 scrolls of enchant armour {unknown}
 d - a scroll of poison {unknown}
 e - a scroll of noise {unknown}
 f - 4 scrolls of teleportation {unknown}
 g - a scroll of enchant weapon {unknown}
 h - a scroll of fog {unknown}
Potions
 a - a potion of magic
 i - a potion of berserk rage {unknown}
 j - a potion of lignification {unknown}
 l - 2 potions of curing {unknown}
 m - 2 potions of invisibility {unknown}
 n - a potion of ambrosia {unknown}


   Skills:
 + Level 1.0 Fighting
 + Level 2.2 Dodging
 + Level 2.3 Stealth
 + Level 2.4 Spellcasting
 + Level 4.3 Conjurations


You had 3 spell levels left.
You knew the following spells:

 Your Spells              Type           Power      Damage    Failure   Level
a - Magic Dart            Conj           76%        1d6       2%          1
b - Searing Ray           Conj           38%        2d5       4%          2

Your spell library contained the following spells:

 Spells                   Type           Power      Damage    Failure   Level
 Dazzling Flash           Conj/Hex       22%        N/A       19%         3
 Inner Flame              Hex/Fire       2%         N/A       41%         3
 Flame Wave               Conj/Fire      11%        2d6       52%         4
 Fulminant Prism          Conj/Hex       5%         3d7       52%         4
 Iskenderun's Mystic Bla  Conj/Tloc      11%        2d4       52%         4
 Sticky Flame             Conj/Fire      11%        2d3       52%         4


Dungeon Overview and Level Annotations

Branches:
Dungeon (3/15)

Altars:
Trog

Annotations:
D:3 Ijyb


Innate Abilities, Weirdness & Mutations

Your plain brown scales are hard. (AC +5)
You cannot fit into any form of body armour.
You are cold-blooded and may be slowed by cold attacks.


Message History

(Press . to maintain the ray.)
The searing ray hits Ijyb but does no damage.
Ijyb is heavily wounded.
Ijyb zaps a wand.
The roots erupt in riotous growth!
The grasping roots grab you! The grasping roots constrict you.
Without enough magic to sustain it, your searing ray dissipates.
The grasping roots constrict you.
You hit Ijyb.
Your tail-slap misses Ijyb.
Ijyb is heavily wounded.
Ijyb completely misses you. The grasping roots constrict you.
You hit Ijyb.
Ijyb is severely wounded.
Ijyb closely misses you. The grasping roots constrict you!
The grasping roots release their grip on you.
You barely miss Ijyb.
Ijyb is severely wounded.
Ijyb zaps a wand.
The roots erupt in riotous growth!
The grasping roots grab you!
Ijyb is unaffected.
The grasping roots constrict you.
You hit Ijyb but do no damage.
Ijyb is severely wounded.
Ijyb hits you but does no damage. The grasping roots constrict you.
You hit Ijyb but do no damage.
Ijyb is severely wounded.
Ijyb hits you with a +0 club. The grasping roots constrict you.
The grasping roots release their grip on you.
You barely miss Ijyb.
Ijyb is severely wounded.
Ijyb hits you but does no damage.
You hit Ijyb but do no damage.
Ijyb is severely wounded.
Ijyb zaps a wand.
The roots erupt in riotous growth!
The grasping roots grab you!
Ijyb is unaffected.
The grasping roots constrict you.
* * * LOW HITPOINT WARNING * * *
Magic courses through your body. Ijyb hits you with a +0 club.
* * * LOW HITPOINT WARNING * * *
The grasping roots constrict you.
You die...

## #. #. # #.###. ... . ...
.## ## ###### #.# #.###.#
#..... #.# #... #.. #.##..
####.###.####.######.##.#
##.#......g@............##.#
...........#####...........#
####.##.##.# #..########## #
#..#.# #..#######
#.#..#####........#
#.###........#####.# ##
#.........# #.#.######.#
.....# #.#


You could see Ijyb.

Vanquished Creatures
  An adder (D:2)
  2 dart slugs
  2 ball pythons (D:1)
  2 bats
  3 endoplasms
  A giant cockroach (D:2)
  A hobgoblin (D:2)
  6 jackals
  3 kobolds
  3 frilled lizards
  3 goblins
  3 rats
30 creatures vanquished.

Vanquished Creatures (others)
  A plant (D:2)
1 creature vanquished.

Grand Total: 31 creatures vanquished

Notes
Turn   | Place    | Note
-------+----------+-------------------------------------------
     0 | D:1      | Dartaoz the Draconian Conjurer began the quest for the Orb.
     0 | D:1      | Reached XP level 1. HP: 14/14 MP: 3/3
   487 | D:1      | Reached XP level 2. HP: 17/20 MP: 0/5
  1300 | D:2      | Reached XP level 3. HP: 27/27 MP: 2/6
  1303 | D:2      | Learned a level 2 spell: Searing Ray
  1471 | D:2      | Found a faded altar of an unknown god.
  2142 | D:3      | Found a bloodstained altar of Trog.
  2145 | D:3      | Reached skill level 1 in Fighting
  2201 | D:3      | Noticed Ijyb
  2221 | D:3      | Constricted to death by Ijyb

Illustrated notes

Levels and vault maps discovered:
D:1:      dpeg_arrival_water_fire, layout_basic, nrook_mini_backslash
D:2:      layout_basic, basic_ecumenical_altar, serial_bayou_pond_d
D:3:      cheibrodos_fertilizer, layout_loops_ring, bloody_makhleb,
          lemuel_round_altar, serial_shops, nicolae_shop_hallway_stairs,
          uniq_grinder, uniq_jessica, uniq_ijyb

Skill      XL: |  1  2  3 |
---------------+----------+-----
Stealth        | 2 |  2.3
Dodging        | 2 |  2.2
Fighting       | 1 |  1.0
Spellcasting   | |  2.4
Conjurations   | |  4.3

Action                   || total
-------------------------++-------
Melee: Short sword       ||    15
 Cast: Magic Dart        ||    61
       Searing Ray       ||     1
  Use: Potion            ||     1
Armor: Skin              ||     9
Dodge: Dodged            ||    14

Table legend: (Time is in decaauts)
 A = Elapsed time spent in this place.
 B = Non-inter-level travel time spent in this place.
 C = Inter-level travel time spent in this place.
 D = Time resting spent in this place.
 E = Time spent auto-exploring this place.
 F = Levels seen in this place.
 G = Mean time per level.
                   A        B        C        D        E       F      G
               +--------+--------+--------+--------+--------+-----+--------+
         Total |   2221 |   2176 |     45 |      0 |   1979 |   3 |  740.3 |
       Dungeon |   2221 |   2176 |     45 |      0 |   1979 |   3 |  740.3 |
               +--------+--------+--------+--------+--------+-----+--------+

Top non-repeatable levels by time:
     D:1: 1080 daAuts
     D:2: 992 daAuts
     D:3: 148 daAuts
